Canucks vs Oilers

Created - Wednesday, October 15, 2014 at 21:40

Goals
1 2 3 T
Canucks 0 3 2 5
Oilers 0 1 0 1
Shots
1 2 3 T
Canucks 8 17 13 38
Oilers 7 12 4 23

1st period

No Goal

Penalties :
Roberto Luongo (Edm) for Abuse of Officials (Major / Game Misconduct) at 4:46 - Vladimir Sobotka served the penalty, Vladimir Sobotka (Edm) for High sticking (Double Minor) at 10:07

2nd period

1. Oilers , Nicklas Backstrom 1 (Andrew MacDonald) at 0:08
2. Canucks , Jared Cowen 1 (Boyd Gordon, Mason Raymond) at 2:05
3. Canucks , Michael Grabner 1 (Clarke MacArthur, Pavel Datsyuk) at 5:56 (PP)
4. Canucks , Andrei Markov 1 (Boyd Gordon) at 15:40 (SH)

Penalties :
Vladimir Sobotka (Edm) for Hooking (Minor) at 3:59, Victor Hedman (Van) for Hooking (Minor) at 14:53, Nicklas Backstrom (Edm) for Holding (Minor) at 16:24

3rd period

5. Canucks , Michael Grabner 2 (Pavel Datsyuk) at 0:22 (PP)
6. Canucks , Clarke MacArthur 1 (Niklas Hjalmarsson) at 6:25

Penalties :
Andrew Ladd (Edm) for Delaying the game (Minor) at 0:11

Goalie Stats

Ben Bishop (Van), 22 saves from 23 shots - (0.957), W, 2-1-0, 60:00 minutes
Jean-Sebastien Giguere (Edm), 28 saves from 33 shots - (0.848), L, 0-1-0, 55:14 minutes
Roberto Luongo (Edm), 5 saves from 5 shots - (1.000), 4:46 minutes

Players Stats for Canucks

Player Name              G  A  P  +/- PIM S  H  SB GA TA FO     MP     PP MP  PK MP  
------------------------------------------------------------------------------------
Andrei Markov            1  0  1   0  0   7  2  2  4  6  0/0    25:10   6:57   0:50 
Boyd Gordon              0  2  2   2  0   5  0  0  1  0  6/18   14:52   1:20   1:31 
Brendan Gallagher        0  0  0   0  0   1  2  1  1  0  0/1    19:06   5:30   0:00 
Christopher Tanev        0  0  0   0  0   3  2  2  0  3  0/0    22:05   5:40   0:41 
Clarke MacArthur         1  1  2   0  0   5  1  2  4  0  0/0    20:04   5:47   0:00 
Cody Hodgson             0  0  0   0  0   1  1  0  2  0  5/9    16:46   5:30   0:00 
James Wright             0  0  0   1  0   2  1  0  3  0  0/0    11:24   1:20   1:31 
Jared Cowen              1  0  1   2  0   1  1  0  0  1  0/0    13:43   0:31   0:00 
Kyle Brodziak            0  0  0   0  0   1  0  0  2  0  1/3     8:17   0:00   0:00 
Mason Raymond            0  1  1   1  0   1  0  0  4  0  0/0    13:21   1:20   0:00 
Michael Grabner          2  0  2   0  0   3  0  0  4  2  0/1    16:45   5:16   0:00 
Niklas Hjalmarsson       0  1  1   0  0   1  0  2  0  0  0/0    22:05   5:40   0:41 
Pavel Datsyuk            0  2  2   0  0   1  0  0  2  1  8/15   20:04   5:47   0:00 
Ryan White               0  0  0   1  0   1  2  0  1  0  0/1    11:45   0:00   0:00 
Ryane Clowe              0  0  0   0  0   0  3  0  0  0  0/1    16:46   5:30   0:00 
Victor Hedman            0  0  0  -1  2   0  1  1  0  0  0/0    23:51   6:57   0:00 
Willie Mitchell          0  0  0   3  0   2  1  1  0  3  0/0    13:34   0:00   0:50 
Zack Kassian             0  0  0   0  0   3  1  0  1  0  0/1     8:17   0:00   0:00 

Players Stats for Oilers

Player Name              G  A  P  +/- PIM S  H  SB GA TA FO     MP     PP MP  PK MP  
------------------------------------------------------------------------------------
Ales Hemsky              0  0  0  -1  0   3  1  0  4  0  0/1    16:27   0:47   2:39 
Alexander Edler          0  0  0  -1  0   0  0  1  0  1  0/0    23:02   0:00   6:25 
Alexander Semin          0  0  0   0  0   1  1  0  3  0  0/1    13:26   0:44   0:00 
Andrej Sekera            0  0  0  -1  0   1  1  4  0  2  0/0    23:46   0:44   6:25 
Andrew Ladd              0  0  0   0  2   0  1  3  0  1  0/1    20:13   0:44   6:29 
Andrew MacDonald         0  1  1   1  0   1  0  3  0  2  0/0    25:57   0:00   6:12 
Brayden Schenn           0  0  0   0  0   0  0  0  1  0  0/0     4:33   0:00   0:00 
Chris Stewart            0  0  0   0  0   0  0  0  0  0  0/1     4:33   0:00   0:00 
Darren Helm              0  0  0  -1  0   2  0  0  6  0  2/2    18:36   0:47   4:49 
David Schlemko           0  0  0  -1  0   0  0  0  0  1  0/0     9:29   0:00   0:00 
John-Michael Liles       0  0  0  -1  0   0  0  1  0  0  0/0    12:37   0:00   0:00 
Kimmo Timonen            0  0  0   0  0   3  2  1  0  3  0/0    23:36   0:47   6:12 
Mikkel Boedker           0  0  0  -2  0   4  1  1  3  0  1/1    16:03   0:47   0:00 
Nick Bonino              0  0  0  -1  0   3  1  1  2  1  3/3    19:18   0:44   3:18 
Nicklas Backstrom        1  0  1   0  2   3  1  0  3  2  7/12   20:24   0:43   2:17 
Ryan Wilson              0  0  0   0  0   0  0  0  0  0  0/0     0:00   0:00   0:00 
Saku Koivu               0  0  0   0  0   0  0  0  1  0  6/10   16:33   0:00   4:14 
Vladimir Sobotka         0  0  0  -2  6   2  3  1  0  1  11/18  18:13   0:47   1:28 

3 Stars

1 - Michael Grabner (Van)
2 - Clarke MacArthur (Van)
3 - Ben Bishop (Van)

Power Play

Canucks - 2 on 6 Attempt(s) - 33.33%
Oilers - 0 on 1 Attempt(s) - 0.00%

Penalty Kill

Canucks - 1 on 1 Attempt(s) - 100.00% - Score 1 goal in Penalty Kill
Oilers - 4 on 6 Attempt(s) - 66.67% - Score 0 goal in Penalty Kill

Official

Referees : Unknown
Linesman : Unknown

Game Notes

Roberto Luongo ejected from game at 4:46 of 1st period
Jean-Sebastien Giguere enters game at 4:46 of 1st period
Kimmo Timonen is injured at 14:56 of 3rd period (Left Forearm)

Finance

Level 1 -- Attendance: 4231 (70.52%) -- Ticket Income $401,945
Level 2 -- Attendance: 4063 (81.26%) -- Ticket Income $243,780
Level 3 -- Attendance: 1449 (72.45%) -- Ticket Income $57,960
Level 4 -- Attendance: 2925 (73.13%) -- Ticket Income $67,275
Luxury Box -- Attendance: 726 (72.60%) -- Ticket Income $137,940
Game was played at the Rexall Place
Total Attendance: 13394 (74.41%)
Total Ticket Income: $908,900
Other Income: $445,361
Total Income: $1,354,261

Canucks

5 vs 5 Forward 
   Center                   Left Wing                Right Wing               Time % Phy DF OF 
 1 Pavel Datsyuk            Clarke MacArthur         Brendan Gallagher        35     1   2  2  
 2 Cody Hodgson             Ryane Clowe              Michael Grabner          30     1   2  2  
 3 Boyd Gordon              Mason Raymond            Ryan White               22     1   2  2  
 4 Kyle Brodziak            James Wright             Zack Kassian             13     1   2  2  

5 vs 5 Defense 
   Defense                  Defense                                           Time % Phy DF OF 
 1 Andrei Markov            Victor Hedman                                     35     1   2  2  
 2 Niklas Hjalmarsson       Christopher Tanev                                 30     1   2  2  
 3 Jared Cowen              Willie Mitchell                                   22     1   2  2  
 4 Andrei Markov            Victor Hedman                                     13     1   2  2  

PowerPlay Forward 
   Center                   Left Wing                Right Wing               Time % Phy DF OF 
 1 Pavel Datsyuk            Clarke MacArthur         Michael Grabner          60     1   2  2  
 2 Cody Hodgson             Ryane Clowe              Brendan Gallagher        40     1   2  2  

PowerPlay Defense
   Defense                  Defense                                           Time % Phy DF OF 
 1 Andrei Markov            Victor Hedman                                     60     1   2  2  
 2 Niklas Hjalmarsson       Christopher Tanev                                 40     1   2  2  

Penalty Kill 4 Players Forward 
   Center                   Wing                     Time % Phy DF OF 
 1 Boyd Gordon              James Wright             60     1   2  2  
 2 Kyle Brodziak            Ryan White               40     1   2  2  

Penalty Kill 4 Players Defense
   Defense                  Defense                  Time % Phy DF OF 
 1 Andrei Markov            Victor Hedman            60     1   2  2  
 2 Niklas Hjalmarsson       Christopher Tanev        40     1   2  2  

Penalty Kill - 3 Players Forward 
   Forward                                           Time % Phy DF OF 
 1 Boyd Gordon                                       60     1   2  2  
 2 Kyle Brodziak                                     40     1   2  2  

Penalty Kill - 3 Players Defense
   Defense                  Defense                  Time % Phy DF OF 
 1 Andrei Markov            Victor Hedman            60     1   2  2  
 2 Niklas Hjalmarsson       Christopher Tanev        40     1   2  2  

4 vs 4 Forward 
   Center                   Wing                     Time % Phy DF OF 
 1 Pavel Datsyuk            Clarke MacArthur         60     1   2  2  
 2 Cody Hodgson             Ryane Clowe              40     1   2  2  

4 vs 4 Defense
   Defense                  Defense                  Time % Phy DF OF 
 1 Andrei Markov            Victor Hedman            60     1   2  2  
 2 Niklas Hjalmarsson       Christopher Tanev        40     1   2  2  

Last Minutes Offensive
   Center                   Left Wing                Right Wing               Defense                  Defense                  
   Pavel Datsyuk            Ryane Clowe              Brendan Gallagher        Andrei Markov            Victor Hedman            

Last Minutes Defensive
   Center                   Left Wing                Right Wing               Defense                  Defense                  
   Boyd Gordon              James Wright             Kyle Brodziak            Andrei Markov            Victor Hedman            

Goaltenders
Starting : Ben Bishop               
Backup : Jake Allen               

Extra Forwards
Normal : Mason Raymond, Brendan Gallagher, Pavel Datsyuk - PP : Mason Raymond, Brendan Gallagher - PK : James Wright
Extra Defensemen
Normal : Jared Cowen, Willie Mitchell, Niklas Hjalmarsson - PP : Jared Cowen - PK : Willie Mitchell, Niklas Hjalmarsson
Penalty Shots
Pavel Datsyuk, Mason Raymond, Michael Grabner, Cody Hodgson, Kyle Brodziak

Oilers

5 vs 5 Forward 
   Center                   Left Wing                Right Wing               Time % Phy DF OF 
 1 Nicklas Backstrom        Andrew Ladd              Alexander Semin          35     0   1  4  
 2 Vladimir Sobotka         Nick Bonino              Mikkel Boedker           30     0   1  4  
 3 Saku Koivu               Darren Helm              Ales Hemsky              30     0   1  4  
 4 Nicklas Backstrom        Brayden Schenn           Chris Stewart            5      1   1  3  

5 vs 5 Defense 
   Defense                  Defense                                           Time % Phy DF OF 
 1 Kimmo Timonen            Andrew MacDonald                                  40     1   4  0  
 2 Alexander Edler          Andrej Sekera                                     30     1   4  0  
 3 John-Michael Liles       David Schlemko                                    20     1   4  0  
 4 Alexander Edler          Andrej Sekera                                     10     1   4  0  

PowerPlay Forward 
   Center                   Left Wing                Right Wing               Time % Phy DF OF 
 1 Nicklas Backstrom        Andrew Ladd              Alexander Semin          60     1   0  4  
 2 Vladimir Sobotka         Darren Helm              Mikkel Boedker           40     1   0  4  

PowerPlay Defense
   Defense                  Defense                                           Time % Phy DF OF 
 1 Nick Bonino              Andrej Sekera                                     50     1   1  3  
 2 Ales Hemsky              Kimmo Timonen                                     50     1   1  3  

Penalty Kill 4 Players Forward 
   Center                   Wing                     Time % Phy DF OF 
 1 Vladimir Sobotka         Andrew Ladd              60     1   4  0  
 2 Nick Bonino              Darren Helm              40     1   4  0  

Penalty Kill 4 Players Defense
   Defense                  Defense                  Time % Phy DF OF 
 1 Kimmo Timonen            Andrew MacDonald         50     1   4  0  
 2 Alexander Edler          Andrej Sekera            50     1   4  0  

Penalty Kill - 3 Players Forward 
   Forward                                           Time % Phy DF OF 
 1 Vladimir Sobotka                                  55     1   4  0  
 2 Saku Koivu                                        45     1   4  0  

Penalty Kill - 3 Players Defense
   Defense                  Defense                  Time % Phy DF OF 
 1 Kimmo Timonen            Andrew MacDonald         50     1   4  0  
 2 Alexander Edler          Andrej Sekera            50     1   4  0  

4 vs 4 Forward 
   Center                   Wing                     Time % Phy DF OF 
 1 Nicklas Backstrom        Darren Helm              60     1   0  4  
 2 Vladimir Sobotka         Alexander Semin          40     1   1  3  

4 vs 4 Defense
   Defense                  Defense                  Time % Phy DF OF 
 1 Kimmo Timonen            Andrew MacDonald         50     1   4  0  
 2 Alexander Edler          Andrej Sekera            50     1   4  0  

Last Minutes Offensive
   Center                   Left Wing                Right Wing               Defense                  Defense                  
   Nicklas Backstrom        Andrew Ladd              Alexander Semin          Kimmo Timonen            Andrej Sekera            

Last Minutes Defensive
   Center                   Left Wing                Right Wing               Defense                  Defense                  
   Vladimir Sobotka         Darren Helm              Nick Bonino              Kimmo Timonen            Andrew MacDonald         

Goaltenders
Starting : Roberto Luongo           
Backup : Jean-Sebastien Giguere   

Extra Forwards
Normal : Ales Hemsky, Darren Helm, Saku Koivu - PP : Ales Hemsky, Darren Helm - PK : Saku Koivu
Extra Defensemen
Normal : John-Michael Liles, David Schlemko, Ryan Wilson - PP : John-Michael Liles - PK : David Schlemko, Ryan Wilson
Penalty Shots
Nick Bonino, Andrew Ladd, Nicklas Backstrom, Saku Koivu, Ales Hemsky

% Time on Ice - Canucks

Lines # - Real PCT - Wanted PCT - Time Play
Normal Forward
1 - 31% - 35% - 13:58
2 - 25% - 30% - 11:24
3 - 26% - 22% - 11:45
4 - 18% - 13% - 8:17
Normal Defense
1 - 33% - 35% - 15:07
2 - 35% - 30% - 15:45
3 - 28% - 22% - 12:44
4 - 4% - 13% - 1:48
PP Forward
1 - 54% - 60% - 6:52
2 - 46% - 40% - 5:45
PP Defense
1 - 55% - 60% - 6:57
2 - 45% - 40% - 5:40
PK Forward
1 - 100% - 60% - 1:31
2 - 0% - 40% - 0:00
PK Defense
1 - 55% - 60% - 0:50
2 - 45% - 40% - 0:41
PK3 Forward
1 - 0% - 60%
2 - 0% - 40%
PK3 Defense
1 - 0% - 60%
2 - 0% - 40%
44 Forward
1 - 100% - 60% - 0:28
2 - 0% - 40% - 0:00
44 Defense
1 - 100% - 60% - 0:28
2 - 0% - 40% - 0:00
Last Minute Offensive  - 0:00
Last Minute Defensive  - 0:00
Total
Forward - 60:00
Defense - 60:00

% Time on Ice - Oilers

Lines # - Real PCT - Wanted PCT - Time Play
Normal Forward
1 - 30% - 35% - 13:26
2 - 34% - 30% - 15:16
3 - 27% - 30% - 12:09
4 - 10% - 5% - 4:33
Normal Defense
1 - 43% - 40% - 19:18
2 - 29% - 30% - 13:16
3 - 21% - 20% - 9:29
4 - 7% - 10% - 3:21
PP Forward
1 - 48% - 60% - 0:44
2 - 52% - 40% - 0:47
PP Defense
1 - 48% - 50% - 0:44
2 - 52% - 50% - 0:47
PK Forward
1 - 74% - 60% - 9:19
2 - 26% - 40% - 3:18
PK Defense
1 - 49% - 50% - 6:12
2 - 51% - 50% - 6:25
PK3 Forward
1 - 0% - 55%
2 - 0% - 45%
PK3 Defense
1 - 0% - 50%
2 - 0% - 50%
44 Forward
1 - 100% - 60% - 0:28
2 - 0% - 40% - 0:00
44 Defense
1 - 100% - 50% - 0:28
2 - 0% - 50% - 0:00
Last Minute Offensive  - 0:00
Last Minute Defensive  - 0:00
Total
Forward - 60:00
Defense - 60:00

Play by Play

1st period


0:01 of 1st period - Nicklas Backstrom wins face-off versus Pavel Datsyuk in neutral zone.
0:13 of 1st period - Off-side.
0:14 of 1st period - Pavel Datsyuk wins face-off versus Andrew Ladd in neutral zone.
1:02 of 1st period - Cody Hodgson is hit by Vladimir Sobotka and loses puck.
1:16 of 1st period - Snap shot by Andrej Sekera.
1:16 of 1st period - Stopped by Ben Bishop with a rebound.
1:18 of 1st period - Slapshot by Nick Bonino.
1:18 of 1st period - Shot Blocked by Andrei Markov.
2:40 of 1st period - Wrist shot by Zack Kassian.
2:40 of 1st period - Stopped by Roberto Luongo with a rebound.
3:15 of 1st period - Wrist shot by Clarke MacArthur.
3:15 of 1st period - Shot Misses the Net.
3:17 of 1st period - Slapshot by Christopher Tanev.
3:17 of 1st period - Stopped by Roberto Luongo without a rebound.
3:18 of 1st period - Vladimir Sobotka wins face-off versus Pavel Datsyuk in Oilers zone.
3:27 of 1st period - Wrist shot by Nick Bonino.
3:27 of 1st period - Shot Blocked by Niklas Hjalmarsson.
3:29 of 1st period - Wrist shot by Nick Bonino.
3:29 of 1st period - Shot Blocked by Clarke MacArthur.
3:46 of 1st period - Snap shot by Nick Bonino.
3:46 of 1st period - Shot Blocked by Christopher Tanev.
3:48 of 1st period - Slapshot by Andrew MacDonald.
3:48 of 1st period - Deflect By Nick Bonino.
3:48 of 1st period - Stopped by Ben Bishop without a rebound.
3:49 of 1st period - Cody Hodgson wins face-off versus Nicklas Backstrom in Canucks zone.
4:16 of 1st period - Slapshot by Alexander Semin.
4:16 of 1st period - Shot Misses the Net.
4:18 of 1st period - Slapshot by John-Michael Liles.
4:18 of 1st period - Deflect By Nicklas Backstrom.
4:18 of 1st period - Stopped by Ben Bishop without a rebound.
4:19 of 1st period - Boyd Gordon wins face-off versus Vladimir Sobotka in Canucks zone.
4:36 of 1st period - Snap shot by Boyd Gordon.
4:36 of 1st period - Stopped by Roberto Luongo with a rebound.
4:38 of 1st period - Snap shot by Mason Raymond.
4:38 of 1st period - Stopped by Roberto Luongo with a rebound.
4:40 of 1st period - Slapshot by Willie Mitchell.
4:40 of 1st period - Shot Misses the Net.
4:46 of 1st period - Slapshot by Boyd Gordon.
4:46 of 1st period - Stopped by Roberto Luongo without a rebound.
4:46 of 1st period - Major / Game Misconduct Penalty to Roberto Luongo for Abuse of Officials.
4:46 of 1st period - Roberto Luongo is ejected from game.
4:46 of 1st period - Jean-Sebastien Giguere enters game.
4:47 of 1st period - Pavel Datsyuk wins face-off versus Saku Koivu in Oilers zone.
5:08 of 1st period - Wrist shot by Pavel Datsyuk.
5:08 of 1st period - Stopped by Jean-Sebastien Giguere with a rebound.
5:10 of 1st period - Snap shot by Andrei Markov.
5:10 of 1st period - Deflect By Pavel Datsyuk.
5:10 of 1st period - Shot Misses the Net.
5:10 of 1st period - Puck is out of play.
5:11 of 1st period - Cody Hodgson wins face-off versus Saku Koivu in Oilers zone.
5:34 of 1st period - Wrist shot by Brendan Gallagher.
5:34 of 1st period - Shot Blocked by Andrej Sekera.
5:36 of 1st period - Snap shot by Christopher Tanev.
5:36 of 1st period - Shot Blocked by Andrew Ladd.
7:23 of 1st period - Andrei Markov is hit by Kimmo Timonen.
8:46 of 1st period - Wrist shot by Andrew Ladd.
8:46 of 1st period - Shot Blocked by Niklas Hjalmarsson.
9:46 of 1st period - Penalty to Vladimir Sobotka is over, Vladimir Sobotka is back on ice.
9:48 of 1st period - Wrist shot by Mason Raymond.
9:48 of 1st period - Shot Misses the Net.
9:50 of 1st period - Slapshot by Niklas Hjalmarsson.
9:50 of 1st period - Shot Misses the Net.
9:54 of 1st period - Wrist shot by Mason Raymond.
9:54 of 1st period - Deflect By Boyd Gordon.
9:54 of 1st period - Shot Blocked by Andrew MacDonald.
9:54 of 1st period - Puck is out of play.
9:55 of 1st period - Vladimir Sobotka wins face-off versus Kyle Brodziak in Oilers zone.
10:00 of 1st period - Snap shot by Nick Bonino.
10:00 of 1st period - Shot Misses the Net.
10:07 of 1st period - Double Minor Penalty to Vladimir Sobotka for High sticking.
10:08 of 1st period - Saku Koivu wins face-off versus Pavel Datsyuk in Oilers zone.
10:49 of 1st period - Alexander Edler is hit by Ryane Clowe.
11:49 of 1st period - Snap shot by Nicklas Backstrom.
11:49 of 1st period - Stopped by Ben Bishop with a rebound.
11:51 of 1st period - Slapshot by Kimmo Timonen.
11:51 of 1st period - Stopped by Ben Bishop without a rebound.
11:52 of 1st period - Nicklas Backstrom wins face-off versus Pavel Datsyuk in Canucks zone.
12:25 of 1st period - Snap shot by Boyd Gordon.
12:25 of 1st period - Shot Misses the Net.
12:37 of 1st period - Slapshot by Andrei Markov.
12:37 of 1st period - Stopped by Jean-Sebastien Giguere with a rebound.
13:19 of 1st period - Kimmo Timonen is hit by Brendan Gallagher and loses puck.
13:48 of 1st period - Alexander Edler is hit by Christopher Tanev.
14:07 of 1st period - Penalty to Vladimir Sobotka is over, Vladimir Sobotka is back on ice.
14:20 of 1st period - Wrist shot by Zack Kassian.
14:20 of 1st period - Shot Misses the Net.
14:22 of 1st period - Slapshot by Jared Cowen.
14:22 of 1st period - Deflect By James Wright.
14:22 of 1st period - Shot Blocked by Vladimir Sobotka.
14:22 of 1st period - Puck is out of play.
14:23 of 1st period - Vladimir Sobotka wins face-off versus Zack Kassian in Oilers zone.
15:23 of 1st period - Snap shot by Zack Kassian.
15:23 of 1st period - Stopped by Jean-Sebastien Giguere with a rebound.
15:41 of 1st period - Icing by Andrew MacDonald.
15:42 of 1st period - Saku Koivu wins face-off versus Boyd Gordon in Oilers zone.
16:03 of 1st period - Slapshot by Mikkel Boedker.
16:03 of 1st period - Stopped by Ben Bishop with a rebound.
16:17 of 1st period - Snap shot by Mikkel Boedker.
16:17 of 1st period - Stopped by Ben Bishop with a rebound.
17:55 of 1st period - Slapshot by Chris Stewart.
17:55 of 1st period - Shot Misses the Net.
18:15 of 1st period - Wrist shot by Ryane Clowe.
18:15 of 1st period - Shot Misses the Net.
18:37 of 1st period - Saku Koivu is hit by James Wright.
19:08 of 1st period - Victor Hedman is hit by Nick Bonino.
19:54 of 1st period - Slapshot by Alexander Semin.
19:54 of 1st period - Shot Blocked by Willie Mitchell.
Goals for this period are 0 for Canucks vs 0 for Oilers.
Shots for this period are 8 for Canucks vs 7 for Oilers.

2nd period


0:01 of 2nd period - Pavel Datsyuk wins face-off versus Nicklas Backstrom in neutral zone.
0:08 of 2nd period - Snap shot by Nicklas Backstrom.
0:08 of 2nd period - Goal by Nicklas Backstrom - Canucks : 0 - Oilers : 1.
0:09 of 2nd period - Pavel Datsyuk wins face-off versus Nicklas Backstrom in neutral zone.
1:11 of 2nd period - Snap shot by Ales Hemsky.
1:11 of 2nd period - Stopped by Ben Bishop without a rebound.
1:12 of 2nd period - Mikkel Boedker wins face-off versus Michael Grabner in Canucks zone.
2:01 of 2nd period - Slapshot by Mason Raymond.
2:01 of 2nd period - Shot Blocked by Mikkel Boedker.
2:03 of 2nd period - Snap shot by Boyd Gordon.
2:03 of 2nd period - Stopped by Jean-Sebastien Giguere with a rebound.
2:05 of 2nd period - Slapshot by Jared Cowen.
2:05 of 2nd period - Deflect By Alexander Edler.
2:05 of 2nd period - Goal by Jared Cowen - Canucks : 1 - Oilers : 1.
2:06 of 2nd period - Pavel Datsyuk wins face-off versus Nicklas Backstrom in neutral zone.
2:18 of 2nd period - Victor Hedman is hit by Andrew Ladd and loses puck.
2:55 of 2nd period - Snap shot by Ales Hemsky.
2:55 of 2nd period - Stopped by Ben Bishop with a rebound.
2:57 of 2nd period - Slapshot by Kimmo Timonen.
2:57 of 2nd period - Stopped by Ben Bishop without a rebound.
2:58 of 2nd period - Saku Koivu wins face-off versus Ryane Clowe in Canucks zone.
3:07 of 2nd period - Wrist shot by Cody Hodgson.
3:07 of 2nd period - Shot Blocked by Andrej Sekera.
3:15 of 2nd period - Snap shot by Michael Grabner.
3:15 of 2nd period - Shot Misses the Net.
3:17 of 2nd period - Snap shot by Michael Grabner.
3:17 of 2nd period - Shot Misses the Net.
3:19 of 2nd period - Slapshot by Niklas Hjalmarsson.
3:19 of 2nd period - Shot Misses the Net.
3:21 of 2nd period - Slapshot by Christopher Tanev.
3:21 of 2nd period - Stopped by Jean-Sebastien Giguere with a rebound.
3:42 of 2nd period - Icing by Niklas Hjalmarsson.
3:43 of 2nd period - Nick Bonino wins face-off versus Boyd Gordon in Canucks zone.
3:59 of 2nd period - Minor Penalty to Vladimir Sobotka for Hooking.
4:00 of 2nd period - Pavel Datsyuk wins face-off versus Saku Koivu in Oilers zone.
4:17 of 2nd period - Wrist shot by Michael Grabner.
4:17 of 2nd period - Shot Blocked by Andrew Ladd.
4:19 of 2nd period - Snap shot by Clarke MacArthur.
4:19 of 2nd period - Shot Misses the Net.
5:09 of 2nd period - Alexander Edler is hit by Victor Hedman and loses puck.
5:52 of 2nd period - Wrist shot by Michael Grabner.
5:52 of 2nd period - Shot Misses the Net.
5:54 of 2nd period - Snap shot by Clarke MacArthur.
5:54 of 2nd period - Shot Misses the Net.
5:56 of 2nd period - Wrist shot by Michael Grabner.
5:56 of 2nd period - Deflect By Nick Bonino.
5:56 of 2nd period - Goal by Michael Grabner - Canucks : 2 - Oilers : 1.
5:57 of 2nd period - Boyd Gordon wins face-off versus Vladimir Sobotka in neutral zone.
6:28 of 2nd period - Snap shot by Mikkel Boedker.
6:28 of 2nd period - Shot Misses the Net.
6:51 of 2nd period - Icing by Christopher Tanev.
6:52 of 2nd period - Kyle Brodziak wins face-off versus Chris Stewart in Canucks zone.
7:00 of 2nd period - Slapshot by Niklas Hjalmarsson.
7:00 of 2nd period - Stopped by Jean-Sebastien Giguere with a rebound.
8:09 of 2nd period - Wrist shot by Clarke MacArthur.
8:09 of 2nd period - Deflect By Ales Hemsky.
8:09 of 2nd period - Shot Misses the Net.
8:09 of 2nd period - Puck is out of play.
8:10 of 2nd period - Cody Hodgson wins face-off versus Alexander Semin in Oilers zone.
8:25 of 2nd period - Snap shot by Ryane Clowe.
8:25 of 2nd period - Shot Misses the Net.
8:27 of 2nd period - Slapshot by Andrei Markov.
8:27 of 2nd period - Shot Blocked by Kimmo Timonen.
8:29 of 2nd period - Slapshot by Andrei Markov.
8:29 of 2nd period - Stopped by Jean-Sebastien Giguere with a rebound.
8:45 of 2nd period - Wrist shot by Michael Grabner.
8:45 of 2nd period - Stopped by Jean-Sebastien Giguere without a rebound.
8:46 of 2nd period - Vladimir Sobotka wins face-off versus Brendan Gallagher in Oilers zone.
10:19 of 2nd period - Wrist shot by Alexander Semin.
10:19 of 2nd period - Stopped by Ben Bishop with a rebound.
10:26 of 2nd period - Snap shot by Andrew MacDonald.
10:26 of 2nd period - Stopped by Ben Bishop with a rebound.
10:46 of 2nd period - Wrist shot by Mikkel Boedker.
10:46 of 2nd period - Shot Misses the Net.
12:36 of 2nd period - Slapshot by Nick Bonino.
12:36 of 2nd period - Stopped by Ben Bishop without a rebound.
12:37 of 2nd period - Cody Hodgson wins face-off versus Vladimir Sobotka in Canucks zone.
12:37 of 2nd period - Cody Hodgson is hit by Mikkel Boedker.
13:05 of 2nd period - Wrist shot by Alexander Semin.
13:05 of 2nd period - Deflect By Victor Hedman.
13:05 of 2nd period - Shot Misses the Net.
13:05 of 2nd period - Puck is out of play.
13:06 of 2nd period - Nicklas Backstrom wins face-off versus Boyd Gordon in Canucks zone.
13:48 of 2nd period - Andrej Sekera is hit by Willie Mitchell.
14:23 of 2nd period - Slapshot by Nick Bonino.
14:23 of 2nd period - Stopped by Ben Bishop with a rebound.
14:25 of 2nd period - Snap shot by Andrew MacDonald.
14:25 of 2nd period - Shot Blocked by Victor Hedman.
14:31 of 2nd period - Snap shot by Mikkel Boedker.
14:31 of 2nd period - Shot Misses the Net.
14:53 of 2nd period - Minor Penalty to Victor Hedman for Hooking.
14:54 of 2nd period - Darren Helm wins face-off versus Boyd Gordon in Canucks zone.
14:57 of 2nd period - Slapshot by Darren Helm.
14:57 of 2nd period - Stopped by Ben Bishop without a rebound.
14:58 of 2nd period - Vladimir Sobotka wins face-off versus Boyd Gordon in Canucks zone.
15:03 of 2nd period - Slapshot by Mikkel Boedker.
15:03 of 2nd period - Stopped by Ben Bishop without a rebound.
15:04 of 2nd period - Vladimir Sobotka wins face-off versus Boyd Gordon in Canucks zone.
15:07 of 2nd period - Wrist shot by Mikkel Boedker.
15:07 of 2nd period - Shot Misses the Net.
15:09 of 2nd period - Slapshot by Kimmo Timonen.
15:09 of 2nd period - Stopped by Ben Bishop without a rebound.
15:10 of 2nd period - Boyd Gordon wins face-off versus Vladimir Sobotka in Canucks zone.
15:34 of 2nd period - Icing by Kimmo Timonen.
15:35 of 2nd period - Boyd Gordon wins face-off versus Vladimir Sobotka in Oilers zone.
15:40 of 2nd period - Slapshot by Andrei Markov.
15:40 of 2nd period - Goal by Andrei Markov - Canucks : 3 - Oilers : 1.
15:41 of 2nd period - Nicklas Backstrom wins face-off versus Boyd Gordon in neutral zone.
15:51 of 2nd period - Slapshot by Andrei Markov.
15:51 of 2nd period - Deflect By James Wright.
15:51 of 2nd period - Stopped by Jean-Sebastien Giguere with a rebound.
15:53 of 2nd period - Snap shot by Boyd Gordon.
15:53 of 2nd period - Stopped by Jean-Sebastien Giguere with a rebound.
15:55 of 2nd period - Slapshot by Andrei Markov.
15:55 of 2nd period - Shot Blocked by Andrew Ladd.
15:57 of 2nd period - Slapshot by Willie Mitchell.
15:57 of 2nd period - Shot Blocked by Andrej Sekera.
15:59 of 2nd period - Slapshot by Willie Mitchell.
15:59 of 2nd period - Deflect By Boyd Gordon.
15:59 of 2nd period - Stopped by Jean-Sebastien Giguere with a rebound.
16:01 of 2nd period - Slapshot by Willie Mitchell.
16:01 of 2nd period - Deflect By Andrew Ladd.
16:01 of 2nd period - Stopped by Jean-Sebastien Giguere with a rebound.
16:03 of 2nd period - Wrist shot by Boyd Gordon.
16:03 of 2nd period - Shot Blocked by Nick Bonino.
16:05 of 2nd period - Slapshot by Willie Mitchell.
16:05 of 2nd period - Shot Blocked by Andrej Sekera.
16:07 of 2nd period - Snap shot by Willie Mitchell.
16:07 of 2nd period - Stopped by Jean-Sebastien Giguere with a rebound.
16:09 of 2nd period - Slapshot by Willie Mitchell.
16:09 of 2nd period - Shot Misses the Net.
16:11 of 2nd period - Slapshot by Andrei Markov.
16:11 of 2nd period - Deflect By Andrej Sekera.
16:11 of 2nd period - Stopped by Jean-Sebastien Giguere with a rebound.
16:18 of 2nd period - Slapshot by Andrei Markov.
16:18 of 2nd period - Deflect By James Wright.
16:18 of 2nd period - Stopped by Jean-Sebastien Giguere with a rebound.
16:24 of 2nd period - Minor Penalty to Nicklas Backstrom for Holding.
16:25 of 2nd period - Pavel Datsyuk wins face-off versus Ales Hemsky in Oilers zone.
16:42 of 2nd period - Snap shot by Ales Hemsky.
16:42 of 2nd period - Deflect By Darren Helm.
16:42 of 2nd period - Stopped by Ben Bishop with a rebound.
16:53 of 2nd period - Penalty to Victor Hedman is over, Victor Hedman is back on ice.
17:38 of 2nd period - Snap shot by Brendan Gallagher.
17:38 of 2nd period - Stopped by Jean-Sebastien Giguere with a rebound.
17:40 of 2nd period - Snap shot by Ryane Clowe.
17:40 of 2nd period - Shot Misses the Net.
17:42 of 2nd period - Slapshot by Niklas Hjalmarsson.
17:42 of 2nd period - Shot Misses the Net.
17:44 of 2nd period - Snap shot by Christopher Tanev.
17:44 of 2nd period - Stopped by Jean-Sebastien Giguere without a rebound.
17:45 of 2nd period - Vladimir Sobotka wins face-off versus Cody Hodgson in Oilers zone.
18:24 of 2nd period - Penalty to Nicklas Backstrom is over, Nicklas Backstrom is back on ice.
19:07 of 2nd period - David Schlemko is hit by Ryan White and loses puck.
Goals for this period are 3 for Canucks vs 1 for Oilers.
Shots for this period are 17 for Canucks vs 12 for Oilers.

3rd period


0:01 of 3rd period - Pavel Datsyuk wins face-off versus Nicklas Backstrom in neutral zone.
0:06 of 3rd period - Slapshot by Andrei Markov.
0:06 of 3rd period - Stopped by Jean-Sebastien Giguere with a rebound.
0:08 of 3rd period - Backhand shot by Andrei Markov.
0:08 of 3rd period - Stopped by Jean-Sebastien Giguere without a rebound.
0:09 of 3rd period - Nicklas Backstrom wins face-off versus Cody Hodgson in Oilers zone.
0:11 of 3rd period - Minor Penalty to Andrew Ladd for Delaying the game.
0:12 of 3rd period - Vladimir Sobotka wins face-off versus Pavel Datsyuk in Oilers zone.
0:22 of 3rd period - Slapshot by Michael Grabner.
0:22 of 3rd period - Goal by Michael Grabner - Canucks : 4 - Oilers : 1.
0:23 of 3rd period - Nicklas Backstrom wins face-off versus Pavel Datsyuk in neutral zone.
0:26 of 3rd period - Pavel Datsyuk is hit by Kimmo Timonen.
0:32 of 3rd period - Kimmo Timonen is hit by Andrei Markov and loses puck.
0:39 of 3rd period - Slapshot by Pavel Datsyuk.
0:39 of 3rd period - Shot Misses the Net.
0:47 of 3rd period - Slapshot by Pavel Datsyuk.
0:47 of 3rd period - Shot Blocked by Andrew MacDonald.
0:49 of 3rd period - Slapshot by Victor Hedman.
0:49 of 3rd period - Shot Misses the Net.
1:11 of 3rd period - Michael Grabner is hit by Nicklas Backstrom and loses puck.
1:20 of 3rd period - Kimmo Timonen is hit by Ryane Clowe and loses puck.
2:34 of 3rd period - James Wright is hit by Andrej Sekera and loses puck.
2:52 of 3rd period - Kyle Brodziak is hit by Vladimir Sobotka and loses puck.
3:01 of 3rd period - Wrist shot by Vladimir Sobotka.
3:01 of 3rd period - Stopped by Ben Bishop with a rebound.
3:18 of 3rd period - David Schlemko is hit by Andrei Markov and loses puck.
3:45 of 3rd period - Snap shot by Clarke MacArthur.
3:45 of 3rd period - Stopped by Jean-Sebastien Giguere with a rebound.
4:11 of 3rd period - Snap shot by Nicklas Backstrom.
4:11 of 3rd period - Shot Misses the Net.
4:23 of 3rd period - Slapshot by Ryane Clowe.
4:23 of 3rd period - Shot Misses the Net.
4:25 of 3rd period - Snap shot by Willie Mitchell.
4:25 of 3rd period - Shot Misses the Net.
4:35 of 3rd period - Andrej Sekera is hit by Jared Cowen and loses puck.
4:40 of 3rd period - Snap shot by Andrei Markov.
4:40 of 3rd period - Shot Blocked by Alexander Edler.
4:54 of 3rd period - Slapshot by Mason Raymond.
4:54 of 3rd period - Shot Misses the Net.
5:13 of 3rd period - Icing by Darren Helm.
5:14 of 3rd period - Saku Koivu wins face-off versus Kyle Brodziak in Oilers zone.
5:43 of 3rd period - Snap shot by Kyle Brodziak.
5:43 of 3rd period - Stopped by Jean-Sebastien Giguere with a rebound.
6:17 of 3rd period - Nicklas Backstrom is hit by Brendan Gallagher and loses puck.
6:25 of 3rd period - Slapshot by Clarke MacArthur.
6:25 of 3rd period - Goal by Clarke MacArthur - Canucks : 5 - Oilers : 1.
6:26 of 3rd period - Vladimir Sobotka wins face-off versus Cody Hodgson in neutral zone.
7:19 of 3rd period - Andrei Markov is hit by Alexander Semin and loses puck.
7:51 of 3rd period - Snap shot by Ales Hemsky.
7:51 of 3rd period - Deflect By Saku Koivu.
7:51 of 3rd period - Shot Blocked by Clarke MacArthur.
7:51 of 3rd period - Puck is out of play.
7:52 of 3rd period - Saku Koivu wins face-off versus Boyd Gordon in Canucks zone.
8:07 of 3rd period - Wrist shot by Vladimir Sobotka.
8:07 of 3rd period - Shot Blocked by Christopher Tanev.
8:09 of 3rd period - Slapshot by Kimmo Timonen.
8:09 of 3rd period - Deflect By Vladimir Sobotka.
8:09 of 3rd period - Shot Misses the Net.
8:09 of 3rd period - Puck is out of play.
8:10 of 3rd period - Nick Bonino wins face-off versus Boyd Gordon in Canucks zone.
8:41 of 3rd period - Snap shot by Andrew Ladd.
8:41 of 3rd period - Shot Hit the Post.
9:07 of 3rd period - Andrew MacDonald is hit by Christopher Tanev and loses puck.
9:36 of 3rd period - Darren Helm is hit by Clarke MacArthur and loses puck.
10:00 of 3rd period - Willie Mitchell is hit by Vladimir Sobotka and loses puck.
10:45 of 3rd period - Snap shot by Zack Kassian.
10:45 of 3rd period - Stopped by Jean-Sebastien Giguere with a rebound.
10:47 of 3rd period - Slapshot by Andrei Markov.
10:47 of 3rd period - Stopped by Jean-Sebastien Giguere without a rebound.
10:48 of 3rd period - Boyd Gordon wins face-off versus Vladimir Sobotka in Oilers zone.
10:59 of 3rd period - Snap shot by Mason Raymond.
10:59 of 3rd period - Shot Blocked by John-Michael Liles.
11:01 of 3rd period - Snap shot by Ryan White.
11:01 of 3rd period - Stopped by Jean-Sebastien Giguere with a rebound.
11:05 of 3rd period - Snap shot by Andrei Markov.
11:05 of 3rd period - Deflect By Boyd Gordon.
11:05 of 3rd period - Shot Misses the Net.
11:05 of 3rd period - Puck is out of play.
11:06 of 3rd period - Vladimir Sobotka wins face-off versus Ryan White in Oilers zone.
11:26 of 3rd period - Icing by Niklas Hjalmarsson.
11:27 of 3rd period - Saku Koivu wins face-off versus Boyd Gordon in Canucks zone.
12:20 of 3rd period - Andrej Sekera is hit by Cody Hodgson and loses puck.
12:39 of 3rd period - Snap shot by Andrei Markov.
12:39 of 3rd period - Shot Misses the Net.
12:43 of 3rd period - Snap shot by Clarke MacArthur.
12:43 of 3rd period - Stopped by Jean-Sebastien Giguere with a rebound.
13:35 of 3rd period - Wrist shot by Zack Kassian.
13:35 of 3rd period - Shot Misses the Net.
13:37 of 3rd period - Slapshot by Willie Mitchell.
13:37 of 3rd period - Shot Misses the Net.
14:23 of 3rd period - Snap shot by Boyd Gordon.
14:23 of 3rd period - Shot Misses the Net.
14:55 of 3rd period - Kimmo Timonen is hit by Ryane Clowe and loses puck.
14:56 of 3rd period - Kimmo Timonen from Oilers is injured at 14:56 of 3rd period (Left Forearm).
14:57 of 3rd period - Nicklas Backstrom wins face-off versus Pavel Datsyuk in Oilers zone.
15:14 of 3rd period - Slapshot by Alexander Semin.
15:14 of 3rd period - Shot Blocked by Brendan Gallagher.
15:26 of 3rd period - Snap shot by Nicklas Backstrom.
15:26 of 3rd period - Shot Misses the Net.
15:46 of 3rd period - Wrist shot by Ales Hemsky.
15:46 of 3rd period - Stopped by Ben Bishop without a rebound.
15:47 of 3rd period - Darren Helm wins face-off versus Cody Hodgson in Canucks zone.
16:19 of 3rd period - Off-side.
16:20 of 3rd period - Boyd Gordon wins face-off versus Vladimir Sobotka in neutral zone.
16:29 of 3rd period - Slapshot by Nick Bonino.
16:29 of 3rd period - Shot Misses the Net.
16:35 of 3rd period - Snap shot by Mikkel Boedker.
16:35 of 3rd period - Stopped by Ben Bishop with a rebound.
16:37 of 3rd period - Snap shot by Vladimir Sobotka.
16:37 of 3rd period - Stopped by Ben Bishop without a rebound.
16:38 of 3rd period - Nick Bonino wins face-off versus Boyd Gordon in Canucks zone.
17:23 of 3rd period - Wrist shot by Clarke MacArthur.
17:23 of 3rd period - Stopped by Jean-Sebastien Giguere with a rebound.
17:43 of 3rd period - Snap shot by Alexander Semin.
17:43 of 3rd period - Deflect By Nicklas Backstrom.
17:43 of 3rd period - Shot Blocked by Andrei Markov.
17:43 of 3rd period - Puck is out of play.
17:44 of 3rd period - Cody Hodgson wins face-off versus Saku Koivu in Canucks zone.
17:44 of 3rd period - Cody Hodgson is hit by Ales Hemsky.
18:12 of 3rd period - Wrist shot by Cody Hodgson.
18:12 of 3rd period - Stopped by Jean-Sebastien Giguere with a rebound.
18:14 of 3rd period - Slapshot by Niklas Hjalmarsson.
18:14 of 3rd period - Shot Misses the Net.
18:16 of 3rd period - Snap shot by Christopher Tanev.
18:16 of 3rd period - Shot Blocked by Andrew MacDonald.
19:05 of 3rd period - Alexander Edler is hit by Zack Kassian and loses puck.
19:32 of 3rd period - Wrist shot by Clarke MacArthur.
19:32 of 3rd period - Stopped by Jean-Sebastien Giguere without a rebound.
19:33 of 3rd period - Vladimir Sobotka wins face-off versus Boyd Gordon in Oilers zone.
19:33 of 3rd period - Vladimir Sobotka is hit by Ryan White.
Goals for this period are 2 for Canucks vs 0 for Oilers.
Shots for this period are 13 for Canucks vs 4 for Oilers.


Output by the SimonT Hockey Simulator (STHS) for Eric Dolegowski -- Original Page W3C XHTML 1.0 Valid
Hockey Simulator - Hockey Simulation - Hockey Manager